 Dungeon Sprint DCSS version 0.24.0-13-gcf9b319 (webtiles) character file.

Game seed: 16345267274746494249, levelgen mode: deterministic

57217 Fang the Warrior (level 14, -1/181 HPs)
             Began as a Gargoyle Berserker on Dec 10, 2019.
             Was the Champion of Trog.
             Slain by an emperor scorpion (8 damage)
             ... summoned by a greater mummy
             ... in the Dungeon (Sprint V: "Ziggurat Sprint").
             The game lasted 00:08:21 (1317 turns).

Fang the Warrior (Gargoyle Berserker)               Turns: 1317, Time: 00:08:21

Health: -1/181     AC: 46    Str: 34    XL:     14   Next: 85%
Magic:  14/14      EV: 20    Int:  9    God:    Trog [******]
Gold:   0          SH: 35    Dex: 16    Spells: 13/13 levels left

rFire    + . .     SeeInvis +   a - +9 broad axe (flame)
rCold    + . .     Gourm    .   E - +18 shield of the Gong {rElec rN+ MR+ EV-5}
rNeg     + + .     Faith    .   b - +15 Maxwell's patent armour {-Cast -Tele rElec MR+ rCorr}
rPois    ∞         Spirit   .   (no helmet)
rElec    +         Reflect  .   y - scarf {rC+ rF+}
rCorr    +         Harm     .   (no gloves)
MR       +++..     NoTele   +   I - +1 pair of boots "Xuheof" {Str+4 Dex+3} Stlth ..........NoCast +
                                A - amulet of Vitality {Regen+ HP+15}
HPRegen  0.80/turn              B - ring "Kyotia" {rElec rPois SInv}
MPRegen  0.14/turn              x - ring of Grontol {EV+6 Dex+4}

@: berserking (expiring), very quick
A: big wings, negative energy resistance 1, electricity resistance, unbreathing,
petrification resistance, rot immunity, AC +10
a: Fly, Berserk, Trog's Hand, Brothers in Arms, Renounce Religion


You were in the Dungeon.
You worshipped Trog.
Trog was exalted by your worship.
You were very hungry.

You visited 1 branch

Inventory:

Hand Weapons
 a - a +9 broad axe of flaming (weapon)
 C - the +6 war axe of the Wolf {speed, Dex+7}
   (You found it in the Dungeon)

   Attacks with this weapon are significantly faster.
   It affects your dexterity (+7).
 F - the +1 broad axe of Agony {protect, +Blink rC+ Int+4 SInv}
   (Trog gifted it to you in the Dungeon)

   It grants its wielder temporary protection when it strikes (+7 to AC).
   It affects your intelligence (+4).
   It protects you from cold.
   It lets you see invisible.
   It lets you blink.
 G - a +1 broad axe of flaming
Armour
 b - the +15 Maxwell's patent armour (worn) {-Cast -Tele rElec MR+ rCorr}
   (You found it in the Dungeon)

   It insulates you from electricity.
   It affects your resistance to hostile enchantments.
   It prevents spellcasting.
   It prevents most forms of teleportation.
   It provides partial protection from all sources of acid and corrosion.
 y - a scarf of resistance (worn)
 E - the +18 shield of the Gong (worn) {rElec rN+ MR+ EV-5}
   (You found it in the Dungeon)

   It affects your evasion (-5).
   It insulates you from electricity.
   It protects you from negative energy.
   It affects your resistance to hostile enchantments.
 I - the +1 pair of boots "Xuheof" (worn) {Str+4 Dex+3}
   (You found it in the Dungeon)

   It affects your strength (+4).
   It affects your dexterity (+3).
Jewellery
 g - the ring "Nuluex" {rCorr Int+4}
   (You took it off a vault guard in the Dungeon)

   [ring of resist corrosion]

   It affects your intelligence (+4).
   It provides partial protection from all sources of acid and corrosion.
 x - the ring of Grontol (right hand) {EV+6 Dex+4}
   (You found it in the Dungeon)

   [ring of evasion]

   It affects your evasion (+6).
   It affects your dexterity (+4).
 A - the amulet of Vitality (around neck) {Regen+ HP+15}
   (You found it in the Dungeon)

   [amulet of regeneration]

   It affects your health (+15).
   It increases your rate of regeneration.
 B - the ring "Kyotia" (left hand) {rElec rPois SInv}
   (You found it in the Dungeon)

   [ring of see invisible]

   It insulates you from electricity.
   It protects you from poison.
   It lets you see invisible.
 H - the ring "Fevo" {rF+ rC+ rN+ Stlth-}
   (You found it in the Dungeon)

   [ring of attention]

   It protects you from fire.
   It protects you from cold.
   It protects you from negative energy.
   It makes you less stealthy.
Wands
 r - a wand of flame (16)
 u - a wand of disintegration (7)
 v - a wand of iceblast (7)
 w - a wand of acid (7)
Scrolls
 i - 4 scrolls of blinking
 j - 7 scrolls of fog
 k - a scroll of holy word
 l - 5 scrolls of identify
 m - 5 scrolls of remove curse
 n - 2 scrolls of fear
 z - 4 scrolls of enchant armour
Potions
 d - 10 potions of curing
 e - 10 potions of heal wounds
 f - 6 potions of haste
 h - 3 potions of berserk rage
 p - 2 potions of invisibility
 q - 4 potions of resistance
 s - 5 potions of agility
 t - 5 potions of might
Comestibles
 c - 7 rations


   Skills:
 + Level 19.1 Fighting
 + Level 16.4 Axes
 + Level 18.8 Armour
 + Level 15.1 Dodging
 + Level 18.8 Shields


You had 13 spell levels left.
You didn't know any spells.
Your spell library was empty.

Dungeon Overview and Level Annotations

Branches:
Dungeon (1/1)

Altars:
Ashenzari
Cheibriados
Dithmenos
Elyvilon
Fedhas
Gozag
Hepliaklqana
Kikubaaqudgha
Makhleb
Nemelex Xobeh
Okawaru
Qazlal
Ru
Sif Muna
Trog
Uskayaw
Vehumet
Wu Jian
Xom
Yredelemnul
Zin
The Shining One
Beogh
Jiyva
Lugonu


Innate Abilities, Weirdness & Mutations

You are resistant to torment.
Your stone body is resilient. (AC +10)
You are immune to poison.
Your large and strong wings let you fly indefinitely.
You resist negative energy. (rN+)
You are resistant to electric shocks. (rElec)
You can survive without breathing.
You are immune to petrification.
You are immune to rotting.


Message History

GONNNNG!
The greater mummy gestures wildly while chanting.
You block the reaper's attack.
GONNNNG!
You slice the guardian mummy!! You burn the guardian mummy.
You feel the power of Trog in you as your rage grows.
You destroy the guardian mummy!
Trog accepts your kill.
You barely miss the emperor scorpion.
You feel extremely nervous for a moment...
You feel a surge of unholy energy.
You closely miss the soul eater. You hit the emperor scorpion.
You burn the emperor scorpion.
You open the guardian mummy like a pillowcase!!!
You burn the guardian mummy!
You destroy the guardian mummy!
Trog accepts your kill.
You feel extremely nervous for a moment...
The world around you seems to dim momentarily.
The emperor scorpion stings you!
You die... ▓.............▓.▓▓▓|))▓▓ ▓.....MWn§....▓..▓..)..▓ ▓....MssMW3§..▓....)©... ▓.....MMs.§s..▓▓▓▓▓▓▓▓▓▓ ▓sMsMsMZ▓

▓...8©8... ▓ ▓▓..s8s▓▓
▓...[:.)..
▓..▓.szM4§§▓..▓...))):..
▓.....§s3.....▓.........
▓....2.@s§§...▓.........
▓▓▓▓▓▓▓▓▓▓▓▓▓▓▓...))(...
▓...)))... ▓..▓..)▓..
▓.▓.....▓. ▓....©....
▓▓▓▓▓▓▓▓▓▓


You could see 2 greater mummies, 12 emperor scorpions, a reaper, 3 mummy
priests, a soul eater, a flayed ghost, a shadow wraith (invisible), an orange
demon, an ushabti, a sixfirhy, a necrophage, 4 mummies, a wight and an adder
zombie.

Vanquished Creatures
  A greater mummy (D)
  A bone dragon (D)
  Rupert (D)
  2 liches (D)
  2 shadow dragons (D)
  Donald (D)
  2 emperor scorpions (D)
  A ghoul (D)
  3 stone giants (D)
  A vampire knight (D)
  2 spark wasps (D)
  2 mummy priests (D)
  8 vault guards (D)
  2 death scarabs (D)
  A thrashing horror (D)
  3 vampire magi (D)
  Urug (D)
  5 soul eaters (D)
  A wretched star (D)
  2 large abominations (D)
  2 necromancers (D)
  2 wolf spiders (D)
  Joseph (D)
  An orange demon (D)
  3 rime drakes (D)
  3 freezing wraiths (D)
  3 demonic crawlers (D)
  A komodo dragon (D)
  A jumping spider (D)
  5 guardian mummies (D)
  A hornet (D)
  A blink frog (D)
  3 flying skulls (D)
  2 tarantellas (D)
  A yak (D)
  2 redbacks (D)
  A shadow (D)
  Sigmund (D)
  2 wyverns (D)
  A chaos spawn (D)
  An acid dragon (D)
  3 water moccasins (D)
  A porcupine (D)
  A swamp drake (D)
  5 necrophages (D)
  2 wolves (D)
  5 small abominations (D)
  2 bullfrogs (D)
  Dowan (D)
  A wight (D)
  A crimson imp (D)
  3 quasits (D)
  An iron imp (D)
  An orc wizard (D)
  An orc priest (D)
  Ijyb (D)
  Terence (D)
  An iguana (D)
  3 mummies (D)
  2 adders (D)
  A river rat (D)
  A shadow imp (D)
  2 white imps (D)
  3 ufetubi (D)
  4 adder zombies (D)
  2 adder skeletons (D)
  2 orcs (D)
  2 spectral bats (D)
  A bat skeleton (D)
  4 bat zombies (D)
  2 jackals (D)
  4 ball pythons (D)
  A ball python zombie (D)
  A jackal zombie (D)
  A leopard gecko skeleton (D)
  A leopard gecko zombie (D)
  2 quokka skeletons (D)
  A quokka zombie (D)
  A spectral giant cockroach (D)
  A spectral jackal (D)
  A spectral quokka (D)
154 creatures vanquished.

Vanquished Creatures (others)
  Erolcha (D)
  Erica (D)
  Grinder (D)
  Menkaure (D)
  Jessica (D)
5 creatures vanquished.

Grand Total: 159 creatures vanquished

Notes
Turn   | Place    | Note
-------+----------+-------------------------------------------
     0 | D        | Fang the Gargoyle Berserker began the quest for the Orb.
     0 | D        | Reached XP level 1. HP: 14/14 MP: 1/1
     1 | D        | Found a blossoming altar of Fedhas.
     1 | D        | Killed Jessica
     2 | D        | Found the +6 Majin-Bo {vamp, Archmagi MP+6 Int+6}
     2 | D        | Found the +7 great mace "Firestarter" {inner flame, rF++}
     3 | D        | Found a viscous altar of Jiyva.
     3 | D        | Found a hazy altar of Hepliaklqana.
     3 | D        | Found a transporter.
     3 | D        | Found an opulent altar of Gozag.
     3 | D        | Found an ancient bone altar of Kikubaaqudgha.
     3 | D        | Found a corrupted altar of Lugonu.
    15 | D        | Found a burning altar of Makhleb.
    17 | D        | Found a stormy altar of Qazlal.
    17 | D        | Found an iron altar of Okawaru.
    17 | D        | Found a sacrificial altar of Ru.
    17 | D        | Found a sparkling altar of Nemelex Xobeh.
    17 | D        | Found a shimmering blue altar of Sif Muna.
    17 | D        | Found a bloodstained altar of Trog.
    24 | D        | Found the +9 heavy crossbow "Sniper" {velocity, Acc+∞ SInv}
    24 | D        | Found the +10 dark maul {crush}
    24 | D        | Found the +15 Maxwell's patent armour {-Cast -Tele rElec
                  | MR+ rCorr}
    24 | D        | Found the +18 shield of the Gong {rElec rN+ MR+ EV-5}
    24 | D        | Found the cursed +14 obsidian axe {chop, +Fly SInv *Curse}
    26 | D        | Killed Erica
    75 | D        | Entered arena 2.
    75 | D        | Noticed a soul eater
    75 | D        | Noticed a chaos spawn
    75 | D        | Found a transporter.
    81 | D        | Killed a chaos spawn
    81 | D        | Reached skill level 5 in Fighting
    81 | D        | Reached skill level 5 in Armour
    81 | D        | Reached XP level 2. HP: 22/22 MP: 2/2
    81 | D        | Reached XP level 3. HP: 27/27 MP: 3/3
    81 | D        | Reached XP level 4. HP: 32/32 MP: 4/4
    81 | D        | Reached XP level 5. HP: 36/36 MP: 5/5
   100 | D        | Killed a soul eater
   100 | D        | Reached ** piety under Trog
   100 | D        | Reached skill level 8 in Fighting
   100 | D        | Reached XP level 6. HP: 23/45 MP: 6/6
   100 | D        | Reached XP level 7. HP: 26/50 MP: 7/7
   315 | D        | Entered arena 3.
   315 | D        | Found a transporter.
   320 | D        | Reached skill level 9 in Fighting
   320 | D        | Reached XP level 8. HP: 55/56 MP: 8/8
   332 | D        | Entered arena 4.
   332 | D        | Found a transporter.
   335 | D        | Reached *** piety under Trog
   348 | D        | Entered arena 5.
   348 | D        | Found a transporter.
   351 | D        | Reached **** piety under Trog
   362 | D        | Got the ring of Grontol {EV+6 Dex+4}
   366 | D        | Entered arena 6.
   366 | D        | Found a transporter.
   373 | D        | Reached ***** piety under Trog
   397 | D        | Entered arena 7.
   398 | D        | Found the amulet of Vitality {Regen+ HP+15}
   398 | D        | Found a transporter.
   403 | D        | Received a gift from Trog
   421 | D        | Entered arena 8.
   422 | D        | Found a transporter.
   424 | D        | Reached skill level 10 in Fighting
   426 | D        | Received a gift from Trog
   432 | D        | Reached XP level 9. HP: 58/62 MP: 7/9
   442 | D        | Entered arena 9.
   442 | D        | Noticed a rime drake
   442 | D        | Noticed a rime drake
   442 | D        | Noticed a rime drake
   443 | D        | Found a transporter.
   446 | D        | Reached skill level 10 in Armour
   449 | D        | Killed a rime drake
   449 | D        | Reached skill level 10 in Shields
   449 | D        | Killed a rime drake
   449 | D        | Reached ****** piety under Trog
   449 | D        | Reached skill level 11 in Fighting
   450 | D        | Killed a rime drake
   474 | D        | Killed Erolcha
   610 | D        | Entered arena 10.
   610 | D        | Noticed a komodo dragon
   611 | D        | Found a transporter.
   612 | D        | Received a gift from Trog
   619 | D        | Reached XP level 10. HP: 70/70 MP: 10/10
   619 | D        | Reached skill level 10 in Axes
   632 | D        | Got the amulet "Fauberifenn" {Inacc Str+3}
   634 | D        | Killed Menkaure
   640 | D        | Entered arena 11.
   640 | D        | Noticed a mummy priest
   640 | D        | Noticed a mummy priest
   641 | D        | Found the +7 sceptre of Torment {pain, torment}
   641 | D        | Found a transporter.
   642 | D        | Noticed an orange demon
   647 | D        | Killed a mummy priest
   647 | D        | Reached skill level 12 in Fighting
   650 | D        | Received a gift from Trog
   651 | D        | Noticed a flayed ghost
   657 | D        | Killed a mummy priest
   666 | D        | Got the ring "Kyotia" {rElec rPois SInv}
   673 | D        | Got the +6 war axe of the Wolf {speed, Dex+7}
   701 | D        | Reached XP level 11. HP: 77/77 MP: 11/11
   709 | D        | Entered arena 12.
   716 | D        | Received a gift from Trog
   716 | D        | Reached skill level 10 in Dodging
   720 | D        | Reached skill level 13 in Fighting
   735 | D        | Found a transporter.
   769 | D        | Entered arena 13.
   769 | D        | Noticed Sigmund
   769 | D        | Noticed Rupert
   769 | D        | Noticed Donald
   769 | D        | Noticed Grinder
   769 | D        | Noticed Dowan
   770 | D        | Noticed Terence
   770 | D        | Noticed Joseph
   770 | D        | Noticed Urug
   770 | D        | Noticed Ijyb
   771 | D        | Found a transporter.
   775 | D        | Killed Sigmund
   775 | D        | Received a gift from Trog
   776 | D        | Killed Terence
   778 | D        | Killed Ijyb
   780 | D        | Killed Rupert
   780 | D        | Reached XP level 12. HP: 84/84 MP: 12/12
   783 | D        | Killed Joseph
   785 | D        | Killed Grinder
   786 | D        | Killed Urug
   786 | D        | Reached skill level 14 in Fighting
   789 | D        | Killed Donald
   789 | D        | Received a gift from Trog
   791 | D        | Killed Dowan
   799 | D        | Got a crystal broad axe {god gift}
   804 | D        | Identified the +1 broad axe of Agony {protect, +Blink rC+
                  | Int+4 SInv} (Trog gifted it to you in the Dungeon)
   836 | D        | Entered arena 14.
   836 | D        | Noticed a vampire mage
   836 | D        | Noticed a vampire mage
   836 | D        | Noticed a vampire mage
   837 | D        | Noticed a vampire knight
   848 | D        | Killed a vampire mage
   849 | D        | Received a gift from Trog
   852 | D        | Killed a vampire mage
   854 | D        | Killed a vampire knight
   854 | D        | Received a gift from Trog
   855 | D        | Reached skill level 15 in Fighting
   858 | D        | Killed a vampire mage
   887 | D        | Found a transporter.
   912 | D        | Entered arena 15.
   913 | D        | Noticed a shadow dragon
   914 | D        | Noticed a soul eater
   914 | D        | Noticed a soul eater
   914 | D        | Noticed a ghoul
   914 | D        | Noticed a soul eater
   914 | D        | Noticed a soul eater
   916 | D        | Received a gift from Trog
   917 | D        | Found a transporter.
   923 | D        | Killed a soul eater
   928 | D        | Killed a soul eater
   928 | D        | Received a gift from Trog
   928 | D        | Reached skill level 15 in Armour
   929 | D        | Killed a shadow dragon
   929 | D        | Reached skill level 15 in Shields
   929 | D        | Reached XP level 13. HP: 92/92 MP: 13/13
   937 | D        | Killed a ghoul
   938 | D        | Received a gift from Trog
   950 | D        | Got the ring "Esetuli" {Fire Int+6}
   978 | D        | Entered arena 16.
   979 | D        | Noticed a stone giant
   979 | D        | Noticed a stone giant
   979 | D        | Noticed a vault guard
   979 | D        | Noticed a vault guard
   979 | D        | Noticed a shadow dragon
   979 | D        | Noticed a stone giant
   979 | D        | Noticed a vault guard
   979 | D        | Noticed a lich
   979 | D        | Noticed a vault guard
   979 | D        | Noticed a vault guard
   979 | D        | Noticed a lich
   980 | D        | Noticed a vault guard
   980 | D        | Identified the ring "Nuluex" {rCorr Int+4}
   980 | D        | Noticed a vault guard
   980 | D        | Noticed a vault guard
   982 | D        | Found a transporter.
   986 | D        | Noticed a cacodemon
   987 | D        | Killed a vault guard
   987 | D        | Received a gift from Trog
   990 | D        | Killed a vault guard
   990 | D        | Reached skill level 16 in Fighting
   992 | D        | Killed a stone giant
   992 | D        | Killed a stone giant
   993 | D        | Killed a vault guard
   994 | D        | Killed a vault guard
   996 | D        | Killed a vault guard
   997 | D        | Killed a shadow dragon
   998 | D        | Killed a lich
   998 | D        | Received a gift from Trog
   999 | D        | Killed a vault guard
   999 | D        | Reached skill level 17 in Fighting
  1001 | D        | Killed a lich
  1003 | D        | Killed a stone giant
  1003 | D        | Reached skill level 15 in Axes
  1003 | D        | Gained mutation: Your large and strong wings let you fly
                  | indefinitely. [Gargoyle growth]
  1003 | D        | Reached XP level 14. HP: 102/102 MP: 7/14
  1012 | D        | Received a gift from Trog
  1054 | D        | Got the ring "Fevo" {rF+ rC+ rN+ Stlth-}
  1060 | D        | Got the +1 pair of boots "Xuheof" {Str+4 Dex+3}
  1094 | D        | Entered arena 17.
  1097 | D        | Noticed an emperor scorpion
  1097 | D        | Noticed an emperor scorpion
  1105 | D        | Received a gift from Trog
  1107 | D        | Received a gift from Trog
  1119 | D        | Killed an emperor scorpion
  1119 | D        | Received a gift from Trog
  1119 | D        | Reached skill level 18 in Fighting
  1121 | D        | Killed an emperor scorpion
  1150 | D        | Found a transporter.
  1189 | D        | Entered arena 18.
  1193 | D        | Noticed a bone dragon
  1194 | D        | Found the +2 shield of Resistance {rF+ rC+ MR+}
  1202 | D        | Received a gift from Trog
  1202 | D        | Received a gift from Trog
  1221 | D        | Killed a bone dragon
  1221 | D        | Received a gift from Trog
  1225 | D        | Found a transporter.
  1290 | D        | Entered arena 19.
  1293 | D        | Noticed a greater mummy
  1294 | D        | Noticed a greater mummy
  1294 | D        | Noticed a greater mummy
  1303 | D        | Noticed an emperor scorpion
  1303 | D        | Noticed an emperor scorpion
  1303 | D        | Noticed an emperor scorpion
  1306 | D        | Noticed an emperor scorpion
  1306 | D        | Noticed an emperor scorpion
  1306 | D        | Noticed an emperor scorpion
  1306 | D        | Noticed an emperor scorpion
  1306 | D        | Noticed an emperor scorpion
  1306 | D        | HP: 2/178 [greater mummy/divine providence (11)]
  1308 | D        | Received a gift from Trog
  1309 | D        | Noticed an emperor scorpion
  1310 | D        | Noticed an emperor scorpion
  1310 | D        | Noticed an emperor scorpion
  1310 | D        | Noticed an emperor scorpion
  1313 | D        | Noticed an emperor scorpion
  1313 | D        | Noticed an emperor scorpion
  1314 | D        | Noticed a reaper
  1315 | D        | Killed a greater mummy
  1315 | D        | Reached skill level 19 in Fighting
  1315 | D        | Reached skill level 15 in Dodging
  1317 | D        | Slain by an emperor scorpion

Levels and vault maps discovered:
D:        sprint_v [room_start, room_1, room_2, room_3, room_4, room_5, room_6,
          room_7, room_8, room_9, room_10, room_11, room_12, room_13, room_14,
          room_15, room_16, room_17, room_18, room_19, room_20, room_21,
          room_22, room_23, room_24, room_25, room_26, room_27]

Skill      XL: |  1  2  3  4  5  6  7  8  9 10 11 12 13 14 |
---------------+-------------------------------------------+-----
Fighting       | 5 8 9 10 11 12 13 15 17 19 | 19.1
Axes           | 4 7 8 9 11 13 15 16 | 16.4
Armour         | 5 8 9 11 12 13 15 17 18 | 18.8
Dodging        | 3 6 7 8 9 10 12 13 15 | 15.1
Shields        | 4 7 8 9 11 12 13 15 17 18 | 18.8

Action                   |  1- 3 |  4- 6 |  7- 9 | 10-12 | 13-15 || total
-------------------------+-------+-------+-------+-------+-------++-------
Melee: Broad axe         |     5 |    17 |    56 |    89 |   108 ||   275
Invok: Berserk           |     1 |       |     1 |     4 |     4 ||    10
       Trog's Hand       |       |       |       |     1 |       ||     1
  Use: Scroll            |       |       |     4 |     2 |     1 ||     7
       Potion            |       |       |       |     1 |       ||     1
  Eat: Chunk             |       |       |     1 |     4 |     5 ||    10
Armor: Plate armour      |       |     2 |    28 |    32 |    57 ||   119
Dodge: Dodged            |       |       |    13 |    23 |    45 ||    81
Block: Shield            |     7 |    18 |    94 |   146 |   214 ||   479
